 Dungeon Crawl Stone Soup version 0.23.2-30-g0e89c35649 (webtiles) character file.

Game seed: 11244520473217602248

867 Ishchenko the Slasher (level 8, 0/61 HPs)
             Began as a Human Fighter on June 8, 2019.
             Was a Follower of Makhleb.
             Killed from afar by Ijyb (19 damage)
             ... with a wand of acid (3)
             ... on level 5 of the Dungeon.
             The game lasted 00:16:41 (5078 turns).

Ishchenko the Slasher (Human Fighter)               Turns: 5078, Time: 00:16:42

Health: 0/61       AC:  0    Str: 22    XL:     8   Next: 23%
Magic:  8/8        EV:  9    Int: 10    God:    Makhleb [*.....]
Gold:   219        SH: 10    Dex: 12    Spells: 7/7 levels left

rFire    . . .     SeeInvis .   a - +0 long sword
rCold    . . .     Gourm    .   c - +0 shield
rNeg     . . .     Faith    .   b - +0 scale mail
rPois    .         Spirit   .   (no helmet)
rElec    .         Reflect  .   (no cloak)
rCorr    .         Harm     .   (no gloves)
MR       +....                  (no boots)
Stlth    ..........             (no amulet)
HPRegen  0.20/turn              l - ring of protection from magic
MPRegen  0.11/turn              r - +2 ring of intelligence

@: corroded
A: sense surroundings 1, strong 1
a: Renounce Religion


You were on level 5 of the Dungeon.
You worshipped Makhleb.
Makhleb was aware of your devotion.
You were not hungry.

You visited 1 branch of the dungeon, and saw 5 of its levels.

You collected 219 gold pieces.

Inventory:

Hand Weapons
 a - a +0 long sword (weapon)
Armour
 b - a +0 scale mail (worn)
 c - a +0 shield (worn)
Jewellery
 l - a ring of protection from magic (left hand)
 r - a +2 ring of intelligence (right hand)
Wands
 q - a wand of enslavement (8)
Scrolls
 e - 5 scrolls of identify {unknown}
 g - a scroll of blinking {unknown}
 h - a scroll of amnesia {unknown}
 i - 2 scrolls of remove curse {unknown}
 j - a scroll of fear {unknown}
 k - 3 scrolls of enchant armour {unknown}
 m - a scroll of random uselessness {unknown}
 n - a scroll of teleportation {unknown}
Comestibles
 f - 11 rations


   Skills:
 + Level 4.4 Fighting
 + Level 5.7 Long Blades
 + Level 4.4 Armour
 + Level 2.6 Dodging
 + Level 1.2 Stealth
 + Level 4.7 Shields
 + Level 0.5 Evocations


You had 7 spell levels left.
You didn't know any spells.
Your spell library was empty.

Dungeon Overview and Level Annotations

Branches:
Dungeon (5/15)             Temple (0/1) D:5

Altars:
Gozag
Kikubaaqudgha
Makhleb
Nemelex Xobeh

Annotations:
D:3 2 runed translucent doors, CheeseeCupcake's ghost, amateur KoHu
D:5 Ijyb


Innate Abilities, Weirdness & Mutations

You passively map a small area around you.
Your muscles are strong. (Str +2)


Message History

You are confused.
You feel invigorated. Ijyb hits you.
You bump into the rock wall.
Ijyb zaps a wand.
The bolt of acid hits you!
You are splashed with acid!
* * * LOW HITPOINT WARNING * * *
You're too confused!
You bump into the rock wall.
Ijyb closely misses you.
You bump into the rock wall.
Ijyb hits you.
You aren't carrying any potions.
You're too confused!
You bump into the rock wall.
Ijyb barely misses you.
You see here a mace.
You bump into the rock wall.
Ijyb hits you but does no damage.
You bump into the rock wall.
You feel less invigorated.
You feel less confused. Ijyb hits you.
Ijyb zaps a wand.
The bolt of acid hits you! The acid corrodes you!
You are splashed with acid!
Ijyb zaps a wand.
The bolt of acid hits you!!
You die...

*
#.............#
,#.#############
#.# * ,#.# ,, ,,
#.# #.# #.# #.#
, #@#
#########.#
........g.# *
###########


You could see Ijyb.

Vanquished Creatures
  A black bear (D:2)
  A sky beast (D:5)
  3 ogres
  A howler monkey (D:4)
  A crimson imp (D:5)
  A jelly (D:5)
  2 orc priests
  A hound (D:4)
  2 orc wizards (D:4)
  A worker ant (D:5)
  7 adders
  A howler monkey skeleton (D:4)
  3 oozes
  2 worms
  A dart slug (D:1)
  3 leopard geckos
  7 orcs
  A ball python (D:1)
  13 bats
  2 giant cockroaches
  6 goblins
  4 hobgoblins
  5 jackals
  2 quokkas
  2 frilled lizards
  A jackal skeleton (D:4)
  5 kobolds
  9 rats
88 creatures vanquished.

Vanquished Creatures (others)
  An orc (D:4)
1 creature vanquished.

Grand Total: 89 creatures vanquished

Notes
Turn   | Place    | Note
-------+----------+-------------------------------------------
     0 | D:1      | Ishchenko the Human Fighter began the quest for the Orb.
     0 | D:1      | Reached XP level 1. HP: 18/18 MP: 1/1
   308 | D:1      | Reached XP level 2. HP: 23/24 MP: 2/2
   839 | D:2      | Reached XP level 3. HP: 27/29 MP: 3/3
   869 | D:2      | Gained mutation: You expend magic power (3 MP) to
                  | strengthen your wands. [potion of mutation]
   869 | D:2      | Gained mutation: Your muscles are strong. (Str +2) [potion
                  | of mutation]
   869 | D:2      | Lost mutation: You expend magic power (3 MP) to strengthen
                  | your wands. [potion of mutation]
   869 | D:2      | Gained mutation: You passively map a small area around you.
                  | [potion of mutation]
  1178 | D:2      | Noticed a black bear
  1193 | D:2      | Killed a black bear
  1193 | D:2      | Reached skill level 3 in Long Blades
  1193 | D:2      | Reached skill level 1 in Dodging
  1193 | D:2      | Reached XP level 4. HP: 21/35 MP: 4/4
  1193 | D:2      | Reached XP level 5. HP: 25/41 MP: 5/5
  1521 | D:2      | Found an opulent altar of Gozag.
  1522 | D:2      | Found a sparkling altar of Nemelex Xobeh.
  1977 | D:2      | Found a burning altar of Makhleb.
  1977 | D:2      | Found an ancient bone altar of Kikubaaqudgha.
  1987 | D:2      | Became a worshipper of Makhleb the Destroyer
  2432 | D:3      | Reached XP level 6. HP: 4/48 MP: 6/6
  3161 | D:3      | Found a large runed translucent door.
  3161 | D:3      | Found a large runed translucent door.
  3162 | D:3      | Noticed CheeseeCupcake's ghost (amateur KoHu)
  3523 | D:4      | Reached skill level 4 in Long Blades
  3583 | D:4      | Reached * piety under Makhleb
  3906 | D:4      | Noticed an ogre
  3916 | D:4      | Reached XP level 7. HP: 34/53 MP: 7/7
  3954 | D:4      | Reached skill level 5 in Long Blades
  4742 | D:5      | Entered Level 5 of the Dungeon
  4774 | D:5      | Found a staircase to the Ecumenical Temple.
  4783 | D:5      | Reached XP level 8. HP: 47/60 MP: 8/8
  4840 | D:5      | Reached skill level 1 in Stealth
  5061 | D:5      | Noticed Ijyb
  5078 | D:5      | Killed from afar by Ijyb

Skill      XL: |  1  2  3  4  5  6  7  8 |
---------------+-------------------------+-----
Long Blades    | 3 4 5 |  5.7
Dodging        | 1 2 |  2.6
Shields        | 4 |  4.7
Armour         | 4 |  4.4
Fighting       | 4 |  4.4
Stealth        | 1 |  1.2
Evocations     | |  0.5

Action                   |  1- 3 |  4- 6 |  7- 9 || total
-------------------------+-------+-------+-------++-------
Melee: Long sword        |   113 |   161 |    73 ||   347
Evoke: Wand              |       |       |     2 ||     2
  Use: Potion            |     4 |       |     2 ||     6
  Eat: Chunk             |     1 |     9 |     4 ||    14
Armor: Scale mail        |    60 |    58 |    16 ||   134
       Skin              |    19 |     1 |       ||    20
Dodge: Dodged            |    37 |    46 |    19 ||   102
Block: Shield            |    63 |    99 |    32 ||   194
       Rpst.: Long sword |    10 |    11 |     6 ||    27
